 Dungeon Crawl Stone Soup version 0.29-a0-341-g24ffce5 (webtiles) character file.

Game seed: 18255117646202982882

162 Think the Cutter (level 5, -38/36 HPs)
             Began as an Octopode Fighter on Apr 19, 2022.
             Killed by an exploding giant cockroach (39 damage)
             ... ignited by their inner flame
             ... on level 2 of the Dungeon.
             The game lasted 00:02:34 (1573 turns).

Think the Cutter (Octopode Fighter)                 Turns: 1573, Time: 00:02:34

Health: -38/36     AC:  1    Str: 16    XL:     5   Next: 43%
Magic:  0/4        EV: 14    Int: 10    God:
Gold:   56         SH:  5    Dex: 19    Spells: 4/4 levels left

rFire   . . .      SeeInvis .   a - +0 rapier
rCold   . . .      Faith    .   b - +0 buckler
rNeg    . . .      Spirit   +   (helmet restricted)
rPois   .          Reflect  .   h - amulet of guardian spirit
rElec   .          Harm     .   p - +6 ring of dexterity
rCorr   .          Rampage  .   (no ring)
Will    .....                   (no ring)
Stlth   +++.......              (no ring)
HPRegen 0.12/turn               (no ring)
MPRegen 0.09/turn               (no ring)
                                (no ring)
                                (no ring)

@: no status effects
A: almost no armour, amphibious, 8 rings, camouflage 1, gelatinous body 1,
(nimble swimmer 1), tentacles, low MP 1, MP-powered wands, noise suppression
a: no special abilities


You were on level 2 of the Dungeon.
You visited 1 branch of the dungeon, and saw 2 of its levels.

You collected 56 gold pieces.

Inventory:

Hand Weapons
 a - a +0 rapier (weapon)
Armour
 b - a +0 buckler (worn)
Jewellery
 d - an amulet of faith
 h - an amulet of guardian spirit (around mantle)
 p - a +6 ring of dexterity (left tentacle)
Scrolls
 i - 2 scrolls of identify {unknown}
 l - a scroll of enchant weapon {unknown}
 n - a scroll of fog {unknown}
 o - a scroll of enchant armour {unknown}
Potions
 c - a potion of might
 j - a potion of degeneration {unknown}
 k - a potion of haste {unknown}
 m - a potion of berserk rage {unknown}
 q - a potion of magic {unknown}


   Skills:
 - Level 3.0 Fighting
 + Level 5.5 Short Blades
 - Level 3.0 Dodging
 - Level 3.0 Shields


You had 4 spell levels left.
You didn't know any spells.
Your spell library contained the following spells:

 Spells                   Type           Power      Damage    Failure   Level
 Magic Dart               Conj           0%         1d3       45%         1
 Searing Ray              Conj           0%         2d4       58%         2
 Fulminant Prism          Conj/Hex       0%         3d6       99%         4


Dungeon Overview and Level Annotations

Branches:
Dungeon (2/15)

Altars:

Annotations:
D:2 Robin


Innate Abilities, Weirdness & Mutations

You cannot wear most types of armour.
You are amphibious.
You can wear up to eight rings at the same time.
Your skin changes colour to match your surroundings (Stealth+).
Your rubbery body absorbs attacks. (AC +1, EV +1)
((You are camouflaged when in or above water. (Stealth+)))
You have tentacles for arms and can constrict up to eight enemies at once.
Your magical capacity is low. (-10% MP)
You expend magic power (3 MP) to strengthen your wands.
You passively dampen the noise of your surroundings.


Message History

The frilled lizard closely misses you. The goblin closely misses you.
The giant cockroach misses you. The ball python bites you.
You block the ball python's attack.
The giant cockroach attacks as you move away!
The giant cockroach completely misses you.
The giant cockroach bites you. Robin throws the goblin at you!
The goblin barely misses you.
The frilled lizard attacks as you move away!
The frilled lizard bites you but does no damage.
The ball python attacks as you move away!
You block the ball python's attack. The goblin barely misses you.
As you read the scroll labelled CULICU LESA, it crumbles to dust.
You hear a loud clanging noise!
It was a scroll of noise.
The adder bites you. The ball python closely misses you.
The ball python misses you. The giant cockroach barely misses you.
You block the adder's attack. The goblin hits you with a +0 club.
* * * LOW HITPOINT WARNING * * *
The goblin attacks as you move away! The goblin hits you with a +0 club!
* * * LOW HITPOINT WARNING * * *
You block the adder's attack.
The frilled lizard attacks as you move away!
The frilled lizard bites you.
* * * LOW HITPOINT WARNING * * *
The goblin no longer looks unusually strong.
As you read the scroll labelled YMEOMO MAOC, it crumbles to dust.
The creatures around you are filled with an inner flame!
It was a scroll of immolation.
You block the giant cockroach's attack. The adder closely misses you.
You block the giant cockroach's attack. You block the goblin's attack.
Robin's bangles clink loudly.
Robin roars a battlecry!
The goblins go into a battle-frenzy!
The frilled lizard closely misses you.
You hit the giant cockroach.
The giant cockroach explodes!
The fiery explosion engulfs the frilled lizard!!
The fiery explosion engulfs you!!!
Ouch! That really hurt!
You die...

.# #.## #........# ..#
#......).###$..## #..#
#........# #...####
...# # #........#
#......## ...# ..
#........# #..#g#..#
...# ##.#........#
##......# ##....
........g...####.#.#..#
#####.
#....§g§.....#..g...#
.# #.@§g.....#.ggg..#
.# #.§SS.....###.####
.# #.gg.....g###.# .#
........g......).# .#
####.........##### .#
#.........# .#
#.........# ## ####
...........# ####...#
..########..#


You could see Robin (inner flame), an adder (inner flame), 3 hobgoblins, 3
goblins and a ball python (inner flame).

Vanquished Creatures
  Natasha (thrice) (D:2)
  3 adders (D:2)
  A worm (D:2)
  4 dart slugs
  4 endoplasms (D:2)
  A giant cockroach (D:2)
  5 goblins
  7 hobgoblins
  8 jackals
  2 kobolds (D:2)
  A quokka (D:1)
  2 ball pythons
  5 bats
  3 frilled lizards (D:2)
  A rat (D:2)
50 creatures vanquished.

Notes
Turn   | Place    | Note
-------+----------+-------------------------------------------
     0 | D:1      | Think the Octopode Fighter began the quest for the Orb.
     0 | D:1      | Reached XP level 1. HP: 16/16 MP: 1/1
   170 | D:1      | Reached XP level 2. HP: 21/21 MP: 2/2
   262 | D:1      | Reached skill level 3 in Short Blades
   650 | D:2      | Reached XP level 3. HP: 20/26 MP: 3/3
   851 | D:2      | Noticed Natasha
   860 | D:2      | Killed Natasha
   861 | D:2      | Reached skill level 4 in Short Blades
   995 | D:2      | Noticed Natasha
  1002 | D:2      | Killed Natasha
  1003 | D:2      | Reached XP level 4. HP: 27/31 MP: 4/4
  1212 | D:2      | Reached skill level 5 in Short Blades
  1212 | D:2      | Reached XP level 5. HP: 24/36 MP: 2/5
  1516 | D:2      | Noticed Natasha
  1521 | D:2      | Killed Natasha
  1536 | D:2      | Noticed Robin
  1564 | D:2      | Gained mutation: You expend magic power (3 MP) to
                  | strengthen your wands. [potion of mutation]
  1564 | D:2      | Gained mutation: Your magical capacity is low. (-10% MP)
                  | [potion of mutation]
  1564 | D:2      | Gained mutation: You passively dampen the noise of your
                  | surroundings. [potion of mutation]
  1571 | D:2      | HP: 1/36 [frilled lizard (1)]
  1573 | D:2      | Killed by an exploding giant cockroach... ignited by their
                  | inner flame

Illustrated notes

Levels and vault maps discovered:
D:1:      eino_arrival_tree_alley, layout_rooms
D:2:      layout_loops_cross, basic_altar, serial_glass, glass_columns_a,
          glass_columns_a, glass_columns_a, glass_columns_a, glass_columns_b,
          glass_columns_a, grunt_ministairs_15, hangedman_feature_mirror,
          minivault_27, uniq_robin, uniq_natasha, uniq_sigmund

Skill      XL: |  1  2  3  4 |
---------------+-------------+-----
Short Blades   | 3 4 5 |  5.5
Fighting       | |  3.0
Dodging        | |  3.0
Shields        | |  3.0

Action                   |  1- 3 |  4- 6 || total
-------------------------+-------+-------++-------
Melee: Rapier            |    68 |    47 ||   115
       Constrict         |    17 |    14 ||    31
       Tentacles         |     6 |    11 ||    17
       Punch             |       |     1 ||     1
  Use: Scroll            |       |     2 ||     2
       Potion            |       |     1 ||     1
 Stab: Sleeping          |     1 |     3 ||     4
Armor: Skin              |     4 |     8 ||    12
Dodge: Dodged            |    47 |    48 ||    95
Block: Buckler           |    17 |    25 ||    42

Table legend: (Time is in decaauts)
 A = Elapsed time spent in this place.
 B = Non-inter-level travel time spent in this place.
 C = Inter-level travel time spent in this place.
 D = Time resting spent in this place.
 E = Time spent auto-exploring this place.
 F = Levels seen in this place.
 G = Mean time per level.
                   A        B        C        D        E       F      G
               +--------+--------+--------+--------+--------+-----+--------+
         Total |   1584 |   1554 |     30 |    187 |   1026 |   2 |  792.0 |
       Dungeon |   1584 |   1554 |     30 |    187 |   1026 |   2 |  792.0 |
               +--------+--------+--------+--------+--------+-----+--------+

Top non-repeatable levels by time:
     D:2: 951 daAuts
     D:1: 633 daAuts
